 Dungeon Crawl Stone Soup version 0.31-a0-472-g43a2ca8e1b (webtiles) character file.

Game seed: 3521607916657794625

25787 Winged the Basher (level 12, -6/126 HPs)
             Began as a Troll Berserker on Aug 6, 2023.
             Was an Elder of Trog.
             Killed by divine providence
             ... invoked by an orc high priest
              (10 damage)
             ... on level 2 of the Orcish Mines.
             The game lasted 01:41:46 (11527 turns).

Winged the Basher (Troll Berserker)                Turns: 11527, Time: 01:41:46

Health: -6/126     AC: 12    Str: 32    XL:     12   Next: 92%
Magic:  11/11      EV: 11    Int:  9    God:    Trog [****..]
Gold:   1503       SH:  8    Dex:  9    Spells: 11/11 levels left

rFire   + . .        a - +2 morningstar (protect)
rCold   + . .        N - +0 kite shield
rNeg    . . .        A - +2 robe {rC+ rF+}
rPois   .            C - +2 hat
rElec   .            (no cloak)
rCorr   .            (gloves unavailable)
SInv    .            (boots unavailable)
Will    ++...        G - amulet of regeneration
Stlth   +            l - +4 ring of protection
HPRegen 3.01/turn    t - +6 ring of intelligence
MPRegen 0.12/turn

%: no passive effects
@: strong-willed, spiked, on berserk cooldown, regenerating, slowed, very slow
A: large, unfitting armour, claws 3, regeneration 1, shaggy fur 1, tough skin 1
a: Renounce Religion, Berserk, Trog's Hand, Brothers in Arms


You were on level 2 of the Orcish Mines.
You worshipped Trog.
Trog was greatly pleased with you.
You visited 2 branches of the dungeon, and saw 15 of its levels.
You also visited: Bailey.

You collected 1503 gold pieces.

Inventory:

Hand Weapons
 a - a +2 morningstar of protection (weapon)
 b - a +3 heavy great mace
 W - a +3 dire flail of protection
Missiles
 f - 6 atropa-tipped darts
 j - 2 curare-tipped darts
 n - 28 poisoned darts
 p - 5 large rocks (quivered)
 H - 2 throwing nets
 K - 4 javelins
 L - 20 boomerangs
Armour
 A - a +2 robe of resistance (worn)
 C - a +2 hat (worn)
 N - a +0 kite shield (worn)
 S - a +0 troll leather armour
Jewellery
 c - an amulet of faith
 l - a +4 ring of protection (left claw)
 t - a +6 ring of intelligence (right claw)
 G - an amulet of regeneration (around neck)
Wands
 s - a wand of iceblast (14)
 D - a wand of paralysis (10)
 T - a wand of mindburst (9)
Scrolls
 d - a scroll of fear
 h - 2 scrolls of torment
 m - 5 scrolls of immolation {unknown}
 o - 2 scrolls of enchant armour
 r - 2 scrolls of revelation
 x - a scroll of acquirement {unknown}
 y - 2 scrolls of poison
 z - 4 scrolls of fog {unknown}
 E - 2 scrolls of enchant weapon
 F - a scroll of teleportation {unknown}
 J - 4 scrolls of blinking {unknown}
 M - 2 scrolls of vulnerability {unknown}
 O - a scroll of brand weapon {unknown}
 Q - a scroll of butterflies {unknown}
Potions
 e - a potion of berserk rage {unknown}
 g - a potion of brilliance
 i - 2 potions of attraction
 k - 3 potions of curing
 q - 2 potions of enlightenment
 u - a potion of invisibility {unknown}
 w - 2 potions of mutation
 B - 2 potions of lignification
 I - a potion of magic {unknown}
 P - a potion of resistance {unknown}
 R - a potion of cancellation {unknown}
 U - a potion of haste
 V - a potion of ambrosia {unknown}


   Skills:
 + Level 10.0 Fighting
 + Level 12.4 Maces & Flails
 - Level 5.0 Throwing
 - Level 8.5 Dodging
 + Level 5.2 Shields
 - Level 5.1 Unarmed Combat


You had 11 spell levels left.
You didn't know any spells.
Your spell library was empty.

Dungeon Overview and Level Annotations

Branches:
Dungeon (13/15) Zot: 25572  Temple (0/1) D:6            Lair (0/5) D:10
    Orc (2/2) D:12 Zot: 11290     Elf (0/3) Orc:2        Bailey (visited)
 Vaults: D:13-14

Altars:
Ashenzari
Cheibriados
Dithmenos
Elyvilon
Fedhas
Kikubaaqudgha
Makhleb
Nemelex Xobeh
Okawaru
Qazlal
Ru
Sif Muna
Trog
Uskayaw
Vehumet
Xom
Yredelemnul
The Shining One

Shops:
D:12 (

Annotations:
D:13 1 transporter


Innate Abilities, Weirdness & Mutations

You are too large for most types of armour.
You have claws for hands.
Your natural rate of healing is unusually fast.
You are covered in fur. (AC +1)
You have tough skin. (AC +1)


Message History

Your skin crawls.
You feel strong-willed.
The orc priest shouts!
The orc high priest says, "You will make a fine sacrifice."
An orc comes into view. It is wielding a +0 falchion.
The barbs in your skin will harm you if you move.
Continue?
The barbed spikes dig painfully into your body as you move.
* * * LOW HITPOINT WARNING * * *
The orc warrior no longer looks unusually strong.
The orc warrior cries, "Help!"
Cornered, the orc warrior turns to fight!
An orc warrior comes into view. It is wielding a +0 glaive.
Items here: )) [[ ††.
Okay, then.
Press: ? - help, v - describe, . - travel, g - get item
Here: an orc high priest, wielding a +0 short sword and wearing a +0 scale mail (strong)
Items here: ( ) [ †.
The floor, spattered with blood.
Okay, then.
Okay, then.
Okay, then.
Throw: 6 large rocks
Press: ? - help, Q - select action, (/) - cycle Shift-Dir - straight line, f - orc high priest
Aim: an orc high priest, wielding a +0 short sword and wearing a +0 scale mail (strong, 57% to hit)
You throw a large rock.
The large rock closely misses the orc high priest.
The large rock hits the orc high priest!!
The orc high priest is heavily wounded.
The orc high priest no longer looks unusually strong.
The smoke demon seems to regain its courage.
The orc knight no longer looks unusually strong.
The orc knight seems to regain its courage.
The orc warrior no longer looks unusually strong.
The orc high priest mumbles some strange prayers to Beogh.
The smoke demon gestures at you. Beogh smites you!
* * * LOW HITPOINT WARNING * * *
The orc high priest invokes the aid of Beogh against you.
Beogh smites you!
You die...

## # ## .## ).# #######
).## ###.....###
.).####.........###
)).##.............##
...#............@o)#
)..#.#.#.#.#.#.#)#)#
).))............)4)oo
)..)..............o#o#
.....................(o
...#.#.#.#.#.#.#o#.#.#.#
...#...............###...
...##.......o....3## ..
...# ##.....


You could see 3 orc high priests, an orange demon (summoned), a smoke demon
(summoned), 3 orc warriors, an orc priest (strong, fleeing) and an orc (strong).

Vanquished Creatures
  An orc warlord (Orc:2)
  2 vault guards (Bailey)
  A centaur warrior (D:13)
  3 two-headed ogres
  2 boulder beetles (D:11)
  3 orc high priests
  Pikel (D:7)
  2 manticores
  An orc knight (Orc:2)
  A deep elf pyromancer (D:12)
  An orc sorcerer (Orc:2)
  A cyclops (Orc:2)
  2 gargoyles
  An unseen horror (D:12)
  2 kobold demonologists
  An efreet (D:13)
  A troll (D:11)
  Grinder (D:3)
  Prince Ribbit (Bailey)
  4 slime creatures (D:12)
  A yak (shapeshifter) (D:13)
  A shadow (D:10)
  A vampire (D:9)
  7 humans (Bailey)
  5 yaks (D:9)
  A wraith (D:10)
  2 wyverns
  2 vampire mosquitoes (D:13)
  Edmund (D:4)
  A warg (Orc:2)
  18 orc warriors
  3 water moccasins
  A black bear (D:6)
  An ice beast (D:8)
  A swamp drake (D:12)
  6 ogres
  A sky beast (D:8)
  2 phantoms
  A lemure (D:7)
  A centaur (D:5)
  5 kobold brigands
  11 bullfrogs
  A gnoll sergeant (D:10)
  3 scorpions
  12 wights
  3 killer bees (D:11)
  2 electric eels (D:10)
  4 howler monkeys
  A centaur zombie (D:8)
  6 hounds
  10 orc priests
  3 jellies (D:6)
  3 gnoll boudas
  5 iguanas
  20 orc wizards
  Natasha (thrice) (D:2)
  Terence (D:2)
  A killer bee zombie (D:8)
  23 gnolls
  7 adders
  2 shadow imps
  3 white imps
  An ufetubus (D:6)
  4 worms
  5 dart slugs
  76 orcs
  2 bats (D:3)
  9 endoplasms
  A giant cockroach (D:1)
  9 goblins
  10 hobgoblins
  A jackal (D:4)
  14 kobolds
  7 quokkas
  10 ball pythons
  3 frilled lizards (D:2)
  7 rats
377 creatures vanquished.

Vanquished Creatures (collateral kills)
  4 orc knights (Orc:2)
  6 orc warriors (Orc:2)
  An ogre (Orc:2)
  8 orc priests (Orc:2)
  23 orcs (Orc:2)
42 creatures vanquished.

Vanquished Creatures (others)
  An orc wizard (D:10)
1 creature vanquished.

Grand Total: 420 creatures vanquished

Notes
Turn   | Place    | Note
-------+----------+-------------------------------------------
     0 | D:1      | Winged the Troll Berserker began the quest for the Orb.
     0 | D:1      | Reached XP level 1. HP: 22/22 MP: 0/0
    14 | D:1      | Found a faded altar of an unknown god.
    14 | D:1      | Noticed a shining eye
    17 | D:1      | Noticed an eye of devastation
    17 | D:1      | Noticed a golden eye
    17 | D:1      | Noticed an eye of devastation
   165 | D:1      | Reached XP level 2. HP: 29/29 MP: 1/1
   648 | D:2      | Reached skill level 1 in Throwing
   699 | D:2      | Noticed Natasha
   704 | D:2      | Reached XP level 3. HP: 33/36 MP: 2/2
   708 | D:2      | Killed Natasha
   709 | D:2      | Found a hide-covered altar of Uskayaw.
   754 | D:2      | Reached XP level 4. HP: 42/44 MP: 3/3
   756 | D:2      | Reached ** piety under Trog
   826 | D:2      | Noticed Terence
   833 | D:2      | Killed Terence
   963 | D:2      | Noticed Natasha
   970 | D:2      | Killed Natasha
  1115 | D:2      | Reached XP level 5. HP: 51/53 MP: 4/4
  1126 | D:2      | Noticed Natasha
  1136 | D:2      | Killed Natasha
  1500 | D:3      | Noticed Grinder
  1525 | D:3      | Killed Grinder
  1526 | D:3      | Reached XP level 6. HP: 62/62 MP: 5/5
  1708 | D:4      | Found a shimmering altar of Xom.
  1709 | D:4      | Noticed Edmund
  1732 | D:4      | Killed Edmund
  1733 | D:4      | Reached XP level 7. HP: 52/68 MP: 6/6
  2018 | D:4      | Found a bloodstained altar of Trog.
  2279 | D:4      | Found a blossoming altar of Fedhas.
  2364 | D:4      | Reached skill level 5 in Unarmed Combat
  2457 | D:4      | Reached *** piety under Trog
  2476 | D:4      | Reached skill level 1 in Maces & Flails
  2487 | D:4      | HP: 1/71 [iguana (10)]
  2652 | D:5      | Entered Level 5 of the Dungeon
  2665 | D:5      | Reached skill level 2 in Maces & Flails
  2665 | D:5      | Reached XP level 8. HP: 49/79 MP: 7/7
  2695 | D:5      | Found a shimmering blue altar of Sif Muna.
  2696 | D:5      | Found a radiant altar of Vehumet.
  2770 | D:5      | Found a burning altar of Makhleb.
  2806 | D:5      | Found a sparkling altar of Nemelex Xobeh.
  2815 | D:5      | Found a stormy altar of Qazlal.
  2840 | D:5      | Found a glowing golden altar of the Shining One.
  2970 | D:5      | Found a snail-covered altar of Cheibriados.
  3011 | D:5      | Reached skill level 3 in Maces & Flails
  3421 | D:5      | Reached skill level 5 in Dodging
  3731 | D:6      | Noticed a +0 spear
  3731 | D:6      | Noticed a +0 dagger
  3732 | D:6      | Noticed a +0 falchion
  3733 | D:6      | Noticed a +0 spear
  3733 | D:6      | Noticed a +0 short sword
  3735 | D:6      | Noticed a +0 falchion
  3735 | D:6      | Noticed a +0 short sword
  3736 | D:6      | Noticed a +0 dagger
  3748 | D:6      | Reached skill level 5 in Fighting
  3748 | D:6      | Reached skill level 4 in Maces & Flails
  3827 | D:6      | Reached XP level 9. HP: 88/88 MP: 8/8
  3830 | D:6      | Reached skill level 5 in Maces & Flails
  3971 | D:6      | Found a hide-covered altar of Uskayaw.
  4032 | D:6      | Reached **** piety under Trog
  4238 | D:6      | Found a staircase to the Ecumenical Temple.
  4646 | D:7      | Noticed Pikel
  4659 | D:7      | Killed Pikel
  4660 | D:7      | Reached skill level 6 in Maces & Flails
  4795 | D:7      | Found a shadowy altar of Dithmenos.
  5109 | D:8      | Reached skill level 7 in Maces & Flails
  5138 | D:8      | Found a basalt altar of Yredelemnul.
  5347 | D:8      | Reached XP level 10. HP: 98/100 MP: 9/9
  5369 | D:8      | Noticed a two-headed ogre
  5377 | D:8      | Killed a two-headed ogre
  5379 | D:8      | Found an iron altar of Okawaru.
  5474 | D:8      | Identified the +1 quarterstaff "Nihuvvif" {vamp, rPois rF-
                  | Int+3 Dex+6}
  6304 | D:9      | Found a sacrificial altar of Ru.
  6369 | D:9      | Found a white marble altar of Elyvilon.
  6394 | D:9      | Reached skill level 8 in Maces & Flails
  7369 | D:10     | Entered Level 10 of the Dungeon
  7459 | D:10     | Found a staircase to the Lair.
  7648 | D:10     | Reached skill level 9 in Maces & Flails
  7677 | D:10     | Reached ***** piety under Trog
  7754 | D:10     | Found a flagged portal.
  7761 | Bailey   | Entered a bailey
  7805 | Bailey   | Reached XP level 11. HP: 93/109 MP: 10/10
  7879 | Bailey   | Noticed a vault guard
  7879 | Bailey   | Noticed Prince Ribbit
  7921 | Bailey   | Killed a vault guard
  7922 | Bailey   | Killed Prince Ribbit
  7962 | Bailey   | Noticed a vault guard
  7991 | Bailey   | Killed a vault guard
  7992 | Bailey   | Reached skill level 5 in Throwing
  8351 | D:10     | Reached skill level 10 in Maces & Flails
  8958 | D:11     | Noticed a boulder beetle
  8965 | D:11     | Killed a boulder beetle
  9154 | D:11     | Noticed a boulder beetle
  9187 | D:11     | Killed a boulder beetle
  9319 | D:11     | Found a broken altar of Ashenzari.
  9327 | D:11     | Noticed a two-headed ogre
  9335 | D:11     | Killed a two-headed ogre
  9583 | D:12     | You fall into a shaft and drop 1 floor!
  9600 | D:13     | Found a transporter.
  9602 | D:13     | Noticed a centaur warrior
  9623 | D:13     | Killed a centaur warrior
  9624 | D:13     | Reached skill level 11 in Maces & Flails
  9724 | D:13     | Noticed a glowing orange brain
  9732 | D:13     | Lost intelligence.
 10278 | D:12     | Reached XP level 12. HP: 122/122 MP: 11/11
 10306 | D:12     | Found a staircase to the Orcish Mines.
 10493 | D:12     | Found an ancient bone altar of Kikubaaqudgha.
 10520 | D:12     | Reached skill level 1 in Shields
 10556 | D:12     | Found Owawi Qiap's Weapon Shoppe.
 10647 | D:12     | Noticed a two-headed ogre
 10655 | D:12     | Killed a two-headed ogre
 10697 | D:12     | Received a gift from Trog
 10847 | Orc:1    | Entered Level 1 of the Orcish Mines
 10852 | Orc:1    | Noticed an orc high priest
 10865 | Orc:1    | Killed an orc high priest
 11008 | Orc:2    | Entered Level 2 of the Orcish Mines
 11008 | Orc:2    | Noticed an orc high priest
 11026 | Orc:2    | Killed an orc high priest
 11217 | Orc:2    | Found a staircase to the Elven Halls.
 11271 | Orc:2    | Noticed an orc warlord
 11319 | Orc:2    | Killed an orc warlord
 11320 | Orc:2    | Reached skill level 12 in Maces & Flails
 11490 | Orc:2    | Noticed an orc high priest
 11493 | Orc:2    | Noticed an orc high priest
 11506 | Orc:2    | Killed an orc high priest
 11507 | Orc:2    | Reached skill level 5 in Shields
 11512 | Orc:2    | Reached skill level 10 in Fighting
 11524 | Orc:2    | Noticed an orc high priest
 11525 | Orc:2    | Noticed an orc high priest
 11527 | Orc:2    | HP: 4/126 [smoke demon/divine providence[an orc high
                  | priest] (17)]
 11527 | Orc:2    | Killed from afar by an orc high priest

Illustrated notes

Levels and vault maps discovered:
D:1:      dpeg_arrival_ternary, layout_rooms,
          hellmonk_ecumenical_altar_watching_god, serial_bayou_pond_d,
          kennysheep_flooded_box, kennysheep_pointless_box
D:2:      layout_loops_ring, basic_altar, grunt_decor_resistance,
          kennysheep_another_room, uniq_terence, uniq_natasha
D:3:      layout_rooms, uniq_grinder
D:4:      minmay_polygon_palace, layout_loops_ring,
          mainiacjoe_overflow_chevrons,
          mainiacjoe_overflow_concentric_impassable, fedhas_altar_4, uniq_edmund
D:5:      layout_cave_pods, mainiacjoe_overflow_tiny_flanked,
          jmf_multi_god_temple, mainiacjoe_overflow_cross_hatched,
          gammafunk_temple_overflow_forgotten
D:6:      layout_gridville, nicolae_uskayaw_en_pointe,
          minmay_temple_entry_mini_moons
D:7:      layout_basic, mainiacjoe_overflow_alcove_2, uniq_pikel
D:8:      layout_loops_cross, lemuel_zombie_altar_yredelemnul,
          okawaru_gym_becter
D:9:      layout_basic, mainiacjoe_overflow_boulevard,
          mainiacjoe_overflow_small_starburst
D:10:     layout_basic, enter_bailey_2
D:11:     layout_basic, nicolae_ashenzari_panopticon
D:12:     layout_roguey, erik_orc_1, serial_shops, shop,
          nicolae_kikubaaqudgha_miasma_corner
D:13:     gammafunk_cloud_chamber, layout_long_grid,
          hellmonk_vaults_order_and_chaos
Orc:1:    layout_diamond_mine, nooodl_orcs_dogs
Orc:2:    st_orc_pillars, layout_caves, hangedman_minor_magic

Skill      XL: |  1  2  3  4  5  6  7  8  9 10 11 12 |
---------------+-------------------------------------+-----
Throwing       | 1 2 3 4 5 |  5.0
Fighting       | 3 4 5 6 7 8 10 | 10.0
Dodging        | 3 4 5 6 7 8 |  8.5
Unarmed Combat | 4 5 |  5.1
Maces & Flails | 2 4 7 9 11 12 | 12.4
Shields        | 5 |  5.2

Action                     |  1- 3 |  4- 6 |  7- 9 | 10-12 || total
---------------------------+-------+-------+-------+-------++-------
  Melee: Unarmed           |    58 |   107 |    82 |       ||   247
         Punch             |       |     3 |       |       ||     3
         Dire flail        |       |       |   321 |   472 ||   793
         Giant spiked club |       |       |       |    22 ||    22
         Morningstar       |       |       |       |   301 ||   301
  Throw: Dart              |       |     3 |       |    49 ||    52
         Large rock        |       |       |     3 |    19 ||    22
 Invoke: Trog's Hand       |       |     2 |     2 |     9 ||    13
         Berserk           |       |     1 |     2 |     5 ||     8
         Brothers in Arms  |       |       |       |     6 ||     6
    Use: Potion            |       |       |     2 |     2 ||     4
         Scroll            |       |       |    10 |     3 ||    13
   Stab: Sleeping          |     1 |       |       |       ||     1
         Distracted        |       |     1 |       |       ||     1
 Armour: Animal skin       |    11 |    26 |   100 |       ||   137
         Robe              |       |       |    88 |   584 ||   672
  Dodge: Dodged            |    23 |    45 |   224 |   521 ||   813
  Block: Kite shield       |       |       |       |   207 ||   207

Table legend: (Time is in decaauts)
 A = Elapsed time spent in this place.
 B = Non-inter-level travel time spent in this place.
 C = Inter-level travel time spent in this place.
 D = Time resting spent in this place.
 E = Time spent auto-exploring this place.
 F = Levels seen in this place.
 G = Mean time per level.
                   A        B        C        D        E       F      G
               +--------+--------+--------+--------+--------+-----+--------+
         Total |  11700 |  10936 |    764 |    342 |   7469 |  16 |  731.2 |
       Dungeon |  10664 |   9913 |    751 |    337 |   7130 |  13 |  820.3 |
  Orcish Mines |    706 |    693 |     13 |      4 |    244 |   2 |  353.0 |
        Bailey |    329 |    329 |      0 |      0 |     94 |   1 |  329.0 |
               +--------+--------+--------+--------+--------+-----+--------+

Top non-repeatable levels by time:
    D:12: 1286 daAuts
     D:9: 1202 daAuts
     D:5: 1167 daAuts
    D:10: 1129 daAuts
     D:4: 1011 daAuts
     D:8: 835 daAuts
     D:7: 789 daAuts
     D:2: 731 daAuts
    D:11: 693 daAuts
     D:6: 636 daAuts
   Orc:2: 537 daAuts
     D:3: 519 daAuts
     D:1: 501 daAuts
  Bailey: 329 daAuts
   Orc:1: 169 daAuts
